 Dungeon Crawl Stone Soup version 0.30.1-3-gfc49f6343a (webtiles) character file.

Game seed: 7329494915130886074

41 GeoRichter the Digger (level 3, -5/24 HPs)
             Began as a Demonspawn Earth Elementalist on Aug 4, 2023.
             Was an Initiate of Vehumet.
             Engulfed by a cloud of flame (15 damage)
             ... on level 3 of the Dungeon.
             The game lasted 00:02:23 (1968 turns).

GeoRichter the Digger (DsEE)                        Turns: 1968, Time: 00:02:24

Health: -5/24      AC:  9    Str:  8    XL:     3   Next: 32%
Magic:  6/6        EV: 27    Int: 18    God:    Vehumet [......]
Gold:   57         SH:  0    Dex: 13    Spells: 2/6 levels left

rFire   . . .        r - +0 dagger (protect)
rCold   . . .        (no shield)
rNeg    . . .        a - +0 robe
rPois   .            (no helmet)
rElec   .            (no cloak)
rCorr   .            k - +0 pair of gloves
SInv    .            (no boots)
Will    .....        n - amulet of the acrobat
Stlth   ++           (no ring)
HPRegen 0.24/turn    (no ring)
MPRegen 0.10/turn

%: acrobat
@: sanguine armoured, acrobatic
A: spiny 1, sanguine armour 1
a: Renounce Religion


You were on level 3 of the Dungeon.
You worshipped Vehumet.
Vehumet was noncommittal.
You visited 1 branch of the dungeon, and saw 3 of its levels.

You collected 57 gold pieces.

Inventory:

Hand Weapons
 r - a +0 dagger of protection (weapon)
   (You took it off a kobold on level 3 of the Dungeon)
Armour
 a - a +0 robe (worn)
 k - a +0 pair of gloves (worn)
   (You found it on level 1 of the Dungeon)
 q - the +5 ring mail "Utogroic" {rC+ Will+ Dex+4}
   (You found it on level 2 of the Dungeon)

   Dex:       It affects your dexterity (+4).
   rC:        It protects you from cold.
   Will:      It increases your willpower.
Jewellery
 n - an amulet of the acrobat (around neck)
   (You found it on level 2 of the Dungeon)
Scrolls
 d - a scroll of noise {unknown}
 f - 3 scrolls of teleportation {@r4}
 g - a scroll of blinking
 h - a scroll of torment {unknown}
 j - a scroll of identify {@r1}
 l - a scroll of poison {unknown}
 m - a scroll of fear {unknown}
Potions
 b - 2 potions of magic
 c - 2 potions of curing {@q1}
 i - a potion of heal wounds {unknown}
 o - a potion of flight {unknown}
 p - 2 potions of invisibility


   Skills:
 - Level 1.7 Dodging
 - Level 1.7 Stealth
 - Level 2.0 Spellcasting
 + Level 0.0 Conjurations
 - Level 0.8 Transmutations
 * Level 4.0 Earth Magic


You had 2 spell levels left.
You knew the following spells:

 Your Spells              Type           Power      Damage    Failure   Level
a - Sandblast             Erth           32%        2d9       3%          1
b - Stone Arrow           Conj/Erth      18%        3d8       24%         3

Your spell library contained the following spells:

 Spells                   Type           Power      Damage    Failure   Level
 Passwall                 Tmut/Erth      8%         N/A       10%         2
 Wereblood                Tmut           4%         N/A       19%         2
 Sublimation of Blood     Necr           1%         N/A       26%         2
 Petrify                  Tmut/Erth      10%        N/A       54%         4
 Summon Hydra             Summ           0%         N/A       100%        7


Dungeon Overview and Level Annotations

Branches:
Dungeon (3/15) Zot: 16014

Altars:
Vehumet

Annotations:
D:3 1 runed translucent door, Crazy Yiuf


Innate Abilities, Weirdness & Mutations

You are partially covered in sharp spines.
When seriously injured, your blood forms armour. (AC +6)


Message History

There is a stone staircase leading down here.
There is an escape hatch in the floor here.
There is a stone staircase leading down here.
You climb downwards.
Found a scroll of identify.
Found a stone staircase leading down.
There is a stone staircase leading up here.
The blast of sand hits the bat.
You kill the bat!
The hobgoblin shouts!
You can't see any susceptible monsters within range! (Use Z to cast anyway.)
The blast of sand hits the hobgoblin!
You kill the hobgoblin!
This spell is extremely dangerous to cast!
Memorise Stone Arrow, consuming 3 spell levels and leaving 2?
You start memorising the spell.
You continue memorising. x3
You finish memorising.
Spell assigned to 'b'.
Magic restored.
j - a scroll of identify {@r1} A kobold comes into view.
It is wielding a +0 dagger of protection.
The kobold shouts!
The blast of sand hits the kobold but does no damage.
The blast of sand hits the kobold.
You kill the kobold!
Things that are here:
a +0 dagger of protection; a kobold corpse
r - a +0 dagger of protection Your +0 dagger of protection hums with potential!
r - a +0 dagger of protection (weapon)
You drop a +0 dagger.
You see here a kobold corpse.
Found a hammer.
Crazy Yiuf shouts!
Found a radiant altar of Vehumet.
Found 7 stones.
Really walk into a travel-excluded area?
Really walk into that cloud of flame? [Y]es or [N]o only, please.
Really walk into that cloud of flame? [Y]es or [N]o only, please.
Really walk into that cloud of flame?
You are engulfed in blazing flames.
Ouch! That really hurt!
* * * LOW HITPOINT WARNING * * *
Your blood congeals into armour.
There is a radiant altar of Vehumet here.
You kneel at the altar of Vehumet.
Vehumet welcomes you!
You are engulfed in blazing flames.
Ouch! That really hurt!
You die...

####+###.........
###............#
†..............#
###............#
#............#
#............#####
#...........○..§.#
##.#########.☼.§.#
#.# #..@..# #.#
#....○.# #.#
#.....(# #.#
##.....# #.#
##...## #.# ###.#
#.# .. ##.# ###
#..#


There were no monsters in sight!

Vanquished Creatures
  An adder (D:2)
  2 dart slugs (D:1)
  2 endoplasms
  3 goblins
  3 hobgoblins
  2 quokkas (D:1)
  3 ball pythons
  3 bats
  2 frilled lizards
  4 kobolds
  4 rats
29 creatures vanquished.

Notes
Turn   | Place    | Note
-------+----------+-------------------------------------------
     0 | D:1      | GeoRichter the Demonspawn Earth Elementalist began the
                  | quest for the Orb.
     0 | D:1      | Reached XP level 1. HP: 13/13 MP: 3/3
   102 | D:1      | Reached skill level 3 in Earth Magic
   226 | D:1      | Gained mutation: You are partially covered in sharp spines.
                  | [demonic ancestry]
   226 | D:1      | Reached XP level 2. HP: 19/19 MP: 3/5
  1477 | D:2      | Gained mutation: When seriously injured, your blood forms
                  | armour. (AC +6) [demonic ancestry]
  1477 | D:2      | Reached XP level 3. HP: 24/24 MP: 4/6
  1579 | D:2      | Identified the +5 ring mail "Utogroic" {rC+ Will+ Dex+4}
  1582 | D:2      | Reached skill level 4 in Earth Magic
  1764 | D:3      | Noticed a scorpion
  1840 | D:3      | Learned a level 3 spell: Stone Arrow
  1931 | D:3      | Found a runed translucent door.
  1932 | D:3      | Noticed Crazy Yiuf
  1962 | D:3      | Found a radiant altar of Vehumet.
  1968 | D:3      | Became a worshipper of Vehumet
  1968 | D:3      | Engulfed by a cloud of flame

Illustrated notes

Levels and vault maps discovered:
D:1:      dpeg_arrival_chambers_temple_mockup, layout_basic,
          minmay_misc_feat_rows, chequers_serial_rivers_micro_e
D:2:      layout_loops_ring
D:3:      layout_basic, lemuel_tele_altar, fiery_altar_vehumet,
          chequers_temple_overflow_minitemple, overflow_temple_1_default,
          roderic_filled_cross, uniq_crazy_yiuf_cottage

Skill      XL: |  1  2  3 |
---------------+----------+-----
Earth Magic    | 3 4 |  4.0
Dodging        | |  1.7
Stealth        | |  1.7
Spellcasting   | |  2.0
Transmutations | |  0.8

Action                     || total
---------------------------++-------
  Melee: Dagger            ||     1
   Cast: Sandblast         ||    38
    Use: Scroll            ||     4
 Armour: Robe              ||     3
  Dodge: Dodged            ||     2
